 Dungeon Crawl Stone Soup version 0.31.0-7-gf635a9b802 (webtiles) character file.

Game seed: 3367235807707023595

79849 groovy9 the Eclecticist (level 16, -2/124 HPs)
             Began as a Djinni Conjurer on Jan 23, 2024.
             Was the Champion of Makhleb.
             Shot with an arrow by a naga sharpshooter (12 damage)
             ... on level 1 of the Snake Pit on Jan 24, 2024.
             The game lasted 01:36:37 (23204 turns).

groovy9 the Eclecticist (Djinni Conjurer)          Turns: 23204, Time: 01:36:37

Health: -2/124     AC:  9    Str:  6      XL:     16   Next: 12%
Gold:   1781       EV: 12    Int: 33 (34) God:    Makhleb [******] SH:  5 Dex: 13

rFire   + + +        E - +3 spear (vamp)
rCold   x . .        (no shield)
rNeg    + . .        L - +1 leather armour {rF+}
rPois   ∞            b - +2 helmet {Int+3}
rElec   .            p - +0 cloak
rCorr   .            k - +0 pair of gloves
SInv    +            (boots unavailable)
Will    ++...        Q - amulet of reflection
Stlth   ++           j - ring of Fedhas's Esteem {rN+ Int+6 SInv}
HPRegen 0.40/turn    l - ring of willpower
MPRegen 0.00/turn

%: reflection, infuse magic (-3 HP)
@: about to teleport, flying
A: sickness immunity, fire resistance 2, cold vulnerability 1, float, innate
caster, HP casting, extra vitality 1, see invisible, deterioration 1, dopey 1,
wild magic 1
a: Renounce Religion, Minor Destruction, Lesser Servant of Makhleb, Major
Destruction, Greater Servant of Makhleb


You were on level 1 of the Snake Pit.
You worshipped Makhleb.
Makhleb was exalted by your worship.
You visited 5 branches of the dungeon, and saw 23 of its levels.

You collected 2165 gold pieces.
You spent 384 gold pieces at shops.

Inventory:

Hand Weapons
 w - the +10 quarterstaff of Punishment {antimagic, rF- Int-5 Dex+7}
   (You found it on level 1 of the Lair of Beasts)

   Int-5:     It affects your intelligence (-5).
   Dex+7:     It affects your dexterity (+7).
   rF-:       It makes you vulnerable to fire.
 E - a +3 vampiric spear (weapon)
Missiles
 R - 4 throwing nets
Armour
 b - a +2 helmet of intelligence (worn)
 k - a +0 pair of gloves (worn)
 p - a +0 cloak (worn)
 L - a +1 leather armour of fire resistance (worn)
Magical Staves
 A - a staff of cold
 G - a staff of earth
 T - a staff of air
 X - a staff of cold
Jewellery
 e - a ring of protection from cold
 j - the ring of Fedhas's Esteem (left hand) {rN+ Int+6 SInv}
   (You acquired it on level 9 of the Dungeon)

   [ring of intelligence]

   Int+6:     It affects your intelligence (+6).
   rN+:       It protects you from negative energy.
   SInv:      It lets you see invisible.
 l - a ring of willpower (right hand)
 q - a +6 ring of dexterity
 H - a ring of positive energy
 M - a ring of fire
 O - a ring of resist corrosion
 Q - an amulet of reflection (around neck)
 W - an amulet of faith
Wands
 g - a wand of roots (19)
 u - a wand of flame (27)
 x - a wand of acid (12)
 B - a wand of polymorph (13)
 D - a wand of charming (14)
 J - a wand of mindburst (10)
Scrolls
 a - a scroll of butterflies
 f - 5 scrolls of poison
 n - 5 scrolls of enchant weapon
 o - 4 scrolls of blinking
 r - 2 scrolls of teleportation
 t - 2 scrolls of silence
 y - 2 scrolls of torment
 z - a scroll of amnesia
 C - 5 scrolls of identify
 F - a scroll of fear
 I - a scroll of fog
 N - a scroll of immolation
 P - a scroll of brand weapon
 S - 2 scrolls of revelation
 U - a scroll of vulnerability
Potions
 c - 2 potions of might
 d - 3 potions of invisibility
 h - 3 potions of heal wounds
 i - 6 potions of lignification
 m - 10 potions of curing
 s - 4 potions of enlightenment
 v - 2 potions of resistance
 K - 4 potions of ambrosia
 V - a potion of attraction


   Skills:
 + Level 14.5 Fighting
 + Level 2.9 Dodging
 - Level 1.5 Stealth
 * Level 16.3 Spellcasting
 * Level 16.3 Conjurations
 * Level 16.3 Hexes
 * Level 16.3 Summonings
 * Level 16.3 Necromancy
 * Level 16.3 Translocations
 * Level 16.3 Fire Magic
 * Level 16.3 Ice Magic
 * Level 16.3 Air Magic
 * Level 16.3 Earth Magic
 * Level 16.3 Alchemy
 + Level 11.5 Invocations


You knew the following spells:

 Your Spells              Type           Power      Damage    Failure   Level
a - Magic Dart            Conj           100%       1d8       1%          1
b - Searing Ray           Conj           100%       2d8       1%          2
c - Fulminant Prism       Conj/Alch      54%        3d23      1%          4
d - Iskenderun's Mystic   Conj/Tloc      100%       2d19      1%          4
e - Slow                  Hex            100%       N/A       1%          1
f - Jinxbite              Hex            100%       N/A       1%          2
g - Mercury Vapours       Alch/Air       100%       N/A       1%          2
h - Sticky Flame          Fire/Alch      100%       2d15      1%          4
i - Borgnjor's Vile Clut  Necr/Erth      54%        N/A       1%          5
j - Iskenderun's Battles  Conj           100%       2d15      1%          5
k - Bombard               Conj/Erth      54%        9d9       1%          6
Your spell library was empty.

Dungeon Overview and Level Annotations

Branches:
Dungeon (14/15)            Temple (1/1) D:4            Lair (5/5) D:9
 Shoals (0/4) Lair:3        Snake (1/4) Lair:2        Slime (0/5) Lair:5
    Orc (2/2) D:9             Elf (0/3) Orc:2        Vaults (0/5) D:13

Altars:
Ashenzari
Cheibriados
Dithmenos
Elyvilon
Fedhas
Gozag
Hepliaklqana
Makhleb
Nemelex Xobeh
Okawaru
Qazlal
Ru
Trog
Uskayaw
Wu Jian
Xom
Yredelemnul
Zin
The Shining One
Jiyva

Shops:
Orc:1 [   Orc:2 :(*[


Innate Abilities, Weirdness & Mutations

You are immune to sickness and miasma.
You are immune to poison.
Your flesh is very heat resistant. (rF++)
You are vulnerable to cold. (rC-)
You float through the air rather than walking.
You learn spells naturally, not from books.
Your magical power is your life essence.
You have superior vitality. (+4 MHP)
You have supernaturally acute eyesight. (SInv)
Your body sometimes deteriorates upon taking damage.
You are dopey. (Int -2)
Your spells are a little harder to cast, but a little more powerful.


Message History

Aim: a naga sharpshooter, wielding a +0 shortbow and wearing a +0 robe (heavily wounded, 100% to hit)
The magic dart hits the naga sharpshooter!
The naga sharpshooter is severely wounded.
* * * LOW HITPOINT WARNING * * *
Casting: Magic Dart (safe; 1% risk of failure)
Confirm with . or Enter, or press ? or * to list all spells.
Aiming: Magic Dart (safe; 1% risk of failure)
Press: ? - help, Shift-Dir - straight line, f/p - naga sharpshooter
Aim: a naga sharpshooter, wielding a +0 shortbow and wearing a +0 robe (severely wounded, 100% to hit)
The magic dart hits the naga sharpshooter but does no damage.
The naga sharpshooter is severely wounded.
* * * LOW HITPOINT WARNING * * *
A naga mage comes into view.
It is wielding a +0 whip and wearing a +2 robe of willpower.
A naga sharpshooter comes into view. It is wielding a +0 flail.
Casting: Magic Dart (safe; 1% risk of failure)
Confirm with . or Enter, or press ? or * to list all spells.
Aiming: Magic Dart (safe; 1% risk of failure)
Press: ? - help, Shift-Dir - straight line, f/p - naga sharpshooter
Aim: a naga sharpshooter, wielding a +0 shortbow and wearing a +0 robe (severely wounded, 100% to hit)
The magic dart hits the naga sharpshooter.
The naga sharpshooter is severely wounded.
* * * LOW HITPOINT WARNING * * *
The naga sharpshooter shoots an arrow.
You block the arrow with an invisible shield... and reflect it back!
The arrow barely misses the naga sharpshooter.
The arrow misses the naga mage.
The naga mage casts a spell.
The naga mage seems to speed up.
The naga sharpshooter unwields a +0 flail.
The naga sharpshooter wields a +0 arbalest.
The naga sharpshooter shoots a bolt.
The bolt hits you!!
* * * LOW HITPOINT WARNING * * *
Your body deteriorates!
You feel dopey.
You hear an angry hiss.
As you read the scroll of teleportation, it crumbles to dust.
You feel strangely unstable.
The naga sharpshooter gestures wildly while chanting.
The naga sharpshooter magically shoots an arrow.
The arrow hits you!
You die...

# #.
#N.#####
.#..#.@.##
.......8..##
...#)).....#
.....8.....#
........<..#
...).8.....#
.....NN....#
.#....N8.^##
........##


You could see 2 naga sharpshooters and a naga mage (fast).

Vanquished Creatures
  Kirke (Lair:3)
  2 orc warlords (Orc:2)
  Josephine (Lair:4)
  Harold (D:11)
  4 hydras
  A catoblepas (Lair:2)
  6 two-headed ogres
  A naga warrior (Snake:1)
  A boulder beetle (Lair:5)
  The ghost of Zeia the Fighter, a novice DjIE of Makhleb (D:9)
  3 orc high priests (Orc:2)
  A naga sharpshooter (Snake:1)
  Urug (Lair:5)
  A shock serpent (Snake:1)
  A deep elf knight (D:13)
  Sonja (Lair:4)
  2 skysharks
  A skeletal warrior (D:13)
  A goliath frog (Lair:5)
  A deep troll (D:9)
  5 orc knights
  A deep elf zephyrmancer (D:13)
  3 ugly things
  3 deep elf pyromancers
  4 cyclopes
  6 orc sorcerers (Orc:2)
  A moth of wrath (D:9)
  A manticore (D:8)
  11 elephants
  4 kobold blastminers
  A torpor snail (Lair:5)
  6 black mambas
  15 cane toads
  4 gargoyles
  4 centaur skeletons (D:13)
  3 unseen horrors
  12 komodo dragons
  2 rime drakes
  2 kobold demonologists
  3 merfolk (Lair:3)
  A polar bear (Lair:4)
  7 trolls
  A tyrant leech (Lair:5)
  2 hornets
  A wolf spider simulacrum (D:14)
  4 dream sheep (Lair:5)
  Grinder (D:5)
  10 blink frogs (Lair:5)
  8 slime creatures
  Sigmund (D:3)
  6 wyverns
  2 vampires
  2 shadows (D:11)
  4 wraiths
  3 basilisks
  40 yaks
  2 hogs (Lair:3)
  3 wargs
  16 vampire mosquitoes
  4 nagas
  Edmund (D:4)
  6 acid dragons
  12 water moccasins
  Duvessa (D:5)
  33 orc warriors
  A sky beast (D:8)
  2 laughing skulls (D:14)
  3 black bears
  4 ogres
  11 wolves
  10 centaurs
  2 gnoll sergeants
  5 kobold brigands
  14 bullfrogs
  3 scorpions (D:9)
  5 wights (D:10)
  Dowan (D:5)
  41 killer bees
  2 howler monkeys
  3 electric eels
  3 bombardier beetles
  5 hounds
  17 orc priests
  Crazy Yiuf (D:4)
  3 jellies
  A sleepcap (D:4)
  3 gnoll boudas
  Ijyb (D:5)
  Natasha (twice) (D:2)
  3 iguanas
  27 orc wizards
  Robin (D:2)
  20 gnolls
  5 adders
  2 shadow imps
  4 white imps
  2 ufetubi (D:6)
  2 dart slugs
  2 ribbon worms
  102 orcs
  3 bats
  8 endoplasms
  5 giant cockroaches
  13 goblins
  11 hobgoblins
  2 jackals (D:5)
  4 quokkas
  8 ball pythons
  5 frilled lizards
  11 kobolds
  2 rats (D:3)
679 creatures vanquished.

Vanquished Creatures (others)
  119 fulminant prisms
119 creatures vanquished.

Grand Total: 798 creatures vanquished

Notes
Turn   | Place    | Note
-------+----------+-------------------------------------------
     0 | D:1      | groovy9 the Djinni Conjurer began the quest for the Orb.
     0 | D:1      | groovy9 set off with the following spells memorised: Magic
                  | Dart, Searing Ray, Fulminant Prism, Iskenderun's Mystic
                  | Blast.
     0 | D:1      | Reached XP level 1. HP: 15/15 MP: 0/0
    84 | D:1      | Reached XP level 2. HP: 21/22 MP: 0/0
   103 | D:1      | You are sucked into a shaft and drop 1 floor!
   123 | D:2      | Reached skill level 1 in Fighting
   124 | D:2      | Reached XP level 3. HP: 7/27 MP: 0/0
   124 | D:2      | Learned a level 1 spell: Slow
   273 | D:2      | Noticed Robin
   277 | D:2      | Reached XP level 4. HP: 23/32 MP: 0/0
   285 | D:2      | Killed Robin
   656 | D:2      | Noticed Natasha
   659 | D:2      | Killed Natasha
   798 | D:2      | Noticed Natasha
   806 | D:2      | Killed Natasha
   807 | D:2      | Reached XP level 5. HP: 33/38 MP: 0/0
   807 | D:2      | Learned a level 2 spell: Jinxbite
  1220 | D:1      | Found a faded altar of an unknown god.
  1542 | D:3      | Reached skill level 5 in Spellcasting
  1542 | D:3      | Reached skill level 5 in Conjurations
  1542 | D:3      | Reached skill level 5 in Hexes
  1542 | D:3      | Reached skill level 5 in Summonings
  1542 | D:3      | Reached skill level 5 in Necromancy
  1542 | D:3      | Reached skill level 5 in Translocations
  1542 | D:3      | Reached skill level 5 in Fire Magic
  1542 | D:3      | Reached skill level 5 in Ice Magic
  1542 | D:3      | Reached skill level 5 in Air Magic
  1542 | D:3      | Reached skill level 5 in Earth Magic
  1542 | D:3      | Reached skill level 5 in Alchemy
  1576 | D:3      | Reached XP level 6. HP: 43/45 MP: 0/0
  1907 | D:3      | Noticed Sigmund
  1918 | D:3      | Killed Sigmund
  1919 | D:3      | Reached XP level 7. HP: 32/50 MP: 0/0
  1919 | D:3      | Learned a level 2 spell: Mercury Vapours
  2390 | D:3      | Found a sacrificial altar of Ru.
  2473 | D:4      | Found a staircase to the Ecumenical Temple.
  2489 | Temple   | Entered the Ecumenical Temple
  2506 | Temple   | Became a worshipper of Makhleb the Destroyer
  2614 | D:4      | Found a runed translucent door.
  2615 | D:4      | Noticed Crazy Yiuf
  2621 | D:4      | Killed Crazy Yiuf
  2901 | D:4      | Noticed Edmund
  2919 | D:4      | Killed Edmund
  3150 | D:4      | Reached XP level 8. HP: 48/58 MP: 0/0
  3578 | D:5      | Entered Level 5 of the Dungeon
  3642 | D:5      | Noticed Duvessa
  3649 | D:5      | Killed Duvessa
  3649 | D:5      | Noticed Dowan
  3652 | D:5      | Killed Dowan
  3806 | D:5      | Noticed Grinder
  3810 | D:5      | Reached * piety under Makhleb
  3818 | D:5      | Killed Grinder
  3819 | D:5      | Reached skill level 5 in Fighting
  4130 | D:5      | Noticed Ijyb
  4137 | D:5      | Killed Ijyb
  4376 | D:5      | Reached XP level 9. HP: 61/65 MP: 0/0
  4376 | D:5      | Learned a level 4 spell: Sticky Flame
  5579 | D:6      | Found a runed translucent door.
  5747 | D:6      | Found a broken altar of Ashenzari.
  5748 | D:6      | Found a glowing golden altar of the Shining One.
  5965 | D:6      | Reached ** piety under Makhleb
  6147 | D:6      | Found a runed translucent gate.
  6147 | D:6      | Found a runed translucent gate.
  6147 | D:6      | Found a runed translucent gate.
  6149 | D:6      | Found a runed translucent door.
  6149 | D:6      | Found a runed translucent door.
  6149 | D:6      | Identified the +9 plate armour of Omne {rN++}
  6443 | D:7      | Reached XP level 10. HP: 42/75 MP: 0/0
  6562 | D:7      | Noticed a cyclops
  6699 | D:7      | Found a stormy altar of Qazlal.
  6917 | D:7      | Noticed a gargoyle
  6924 | D:7      | Noticed a cyclops
  7206 | D:7      | Killed a cyclops
  7206 | D:7      | Killed a cyclops
  7207 | D:7      | Reached skill level 10 in Spellcasting
  7207 | D:7      | Reached skill level 10 in Conjurations
  7207 | D:7      | Reached skill level 10 in Hexes
  7207 | D:7      | Reached skill level 10 in Summonings
  7207 | D:7      | Reached skill level 10 in Necromancy
  7207 | D:7      | Reached skill level 10 in Translocations
  7207 | D:7      | Reached skill level 10 in Fire Magic
  7207 | D:7      | Reached skill level 10 in Ice Magic
  7207 | D:7      | Reached skill level 10 in Air Magic
  7207 | D:7      | Reached skill level 10 in Earth Magic
  7207 | D:7      | Reached skill level 10 in Alchemy
  7216 | D:7      | Reached *** piety under Makhleb
  7271 | D:7      | Killed a gargoyle
  7365 | D:7      | Noticed a gargoyle
  7369 | D:7      | Killed a gargoyle
  7568 | D:7      | Identified the +5 spear of Cithro Esuf {flame, MP+9}
  7666 | D:7      | Reached XP level 11. HP: 41/82 MP: 0/0
  7666 | D:7      | Learned a level 5 spell: Borgnjor's Vile Clutch
  8948 | D:8      | Noticed a manticore
  9052 | D:8      | Killed a manticore
  9886 | D:9      | Noticed a moth of wrath
  9913 | D:9      | Found a transporter.
  9913 | D:9      | Found a transporter.
  9914 | D:9      | Noticed a two-headed ogre
  9920 | D:9      | Found a bloodstained altar of Trog.
  9925 | D:9      | Noticed a deep troll
  9944 | D:9      | Reached skill level 1 in Invocations
 10040 | D:9      | Reached **** piety under Makhleb
 10156 | D:9      | Found a staircase to the Lair.
 10156 | D:9      | Noticed an elephant
 10162 | D:9      | Killed an elephant
 10209 | D:9      | Found a blossoming altar of Fedhas.
 10268 | D:9      | Found a bloodstained altar of Trog.
 10269 | D:9      | Found a hide-covered altar of Uskayaw.
 10818 | D:9      | Found a staircase to the Orcish Mines.
 11111 | D:9      | Noticed Zeia's ghost (novice DjIE)
 11202 | D:9      | Identified a scroll of acquirement
 11202 | D:9      | Acquired the ring of Fedhas's Esteem {rN+ Int+6 SInv}
 11214 | D:9      | Killed Zeia's ghost
 11215 | D:9      | Reached skill level 10 in Fighting
 11217 | D:9      | Killed a deep troll
 11218 | D:9      | Reached XP level 12. HP: 91/91 MP: 0/0
 11220 | D:9      | Killed a two-headed ogre
 11265 | D:10     | Entered Level 10 of the Dungeon
 11368 | D:10     | Reached ***** piety under Makhleb
 11610 | D:10     | Reached skill level 5 in Invocations
 11994 | D:10     | Noticed a two-headed ogre
 11997 | D:10     | Killed a two-headed ogre
 12474 | Lair:1   | Entered Level 1 of the Lair of Beasts
 12754 | Lair:1   | Gained mutation: You have a pair of small horns on your
                  | head. [potion of mutation]
 12754 | Lair:1   | Gained mutation: Your health recovers twice as slowly from
                  | being drained. [potion of mutation]
 13255 | Lair:1   | Identified the +10 quarterstaff of Punishment {antimagic,
                  | rF- Int-5 Dex+7}
 13742 | Lair:2   | Noticed a catoblepas
 13753 | Lair:2   | Killed a catoblepas
 13945 | Lair:2   | Reached XP level 13. HP: 69/99 MP: 0/0
 13945 | Lair:2   | Learned a level 5 spell: Iskenderun's Battlesphere
 14436 | Lair:2   | Found a staircase to the Snake Pit.
 14651 | Lair:3   | Noticed a six-headed hydra
 14658 | Lair:3   | Killed a six-headed hydra
 14672 | Lair:3   | Noticed Kirke
 14682 | Lair:3   | Killed Kirke
 15179 | Lair:3   | Found a staircase to the Shoals.
 15515 | Lair:4   | Noticed Sonja
 15517 | Lair:4   | Killed Sonja
 15536 | Lair:4   | Noticed a five-headed hydra
 15542 | Lair:4   | Killed a five-headed hydra
 15628 | Lair:4   | Noticed Josephine
 15635 | Lair:4   | Killed Josephine
 15654 | Lair:4   | Noticed an eight-headed hydra
 15657 | Lair:4   | Killed an eight-headed hydra
 15726 | Lair:4   | Reached XP level 14. HP: 95/108 MP: 0/0
 16753 | Lair:5   | Entered Level 5 of the Lair of Beasts
 16778 | Lair:5   | Found a viscous altar of Jiyva.
 16778 | Lair:5   | Found a staircase to the Slime Pits.
 16899 | Lair:5   | Found a hazy altar of Hepliaklqana.
 16987 | Lair:5   | Noticed Urug
 16994 | Lair:5   | Killed Urug
 17390 | Lair:5   | Lost mutation: You have a pair of small horns on your head.
                  | [potion of mutation]
 17390 | Lair:5   | Lost mutation: Your health recovers twice as slowly from
                  | being drained. [potion of mutation]
 17390 | Lair:5   | Gained mutation: Your body sometimes deteriorates upon
                  | taking damage. [potion of mutation]
 17390 | Lair:5   | Gained mutation: You are dopey. (Int -2) [potion of
                  | mutation]
 17390 | Lair:5   | Gained mutation: Your spells are a little harder to cast,
                  | but a little more powerful. [potion of mutation]
 17605 | Lair:5   | Found an ornate altar of the Wu Jian Council.
 17684 | Lair:5   | Reached ****** piety under Makhleb
 17752 | Lair:5   | Found a hide-covered altar of Uskayaw.
 17865 | Lair:5   | Reached skill level 15 in Spellcasting
 17865 | Lair:5   | Reached skill level 15 in Conjurations
 17865 | Lair:5   | Reached skill level 15 in Hexes
 17865 | Lair:5   | Reached skill level 15 in Summonings
 17865 | Lair:5   | Reached skill level 15 in Necromancy
 17865 | Lair:5   | Reached skill level 15 in Translocations
 17865 | Lair:5   | Reached skill level 15 in Fire Magic
 17865 | Lair:5   | Reached skill level 15 in Ice Magic
 17865 | Lair:5   | Reached skill level 15 in Air Magic
 17865 | Lair:5   | Reached skill level 15 in Earth Magic
 17865 | Lair:5   | Reached skill level 15 in Alchemy
 18193 | Orc:1    | Entered Level 1 of the Orcish Mines
 18334 | Orc:2    | Entered Level 2 of the Orcish Mines
 18454 | Orc:2    | Noticed an orc warlord
 18493 | Orc:1    | Reached skill level 10 in Invocations
 18678 | Orc:2    | Killed an orc warlord
 18679 | Orc:2    | Reached XP level 15. HP: 76/115 MP: 0/0
 18679 | Orc:2    | Learned a level 6 spell: Bombard
 18888 | Orc:2    | Found a staircase to the Elven Halls.
 19083 | Orc:2    | Noticed an orc warlord
 19094 | Orc:2    | Killed an orc warlord
 19561 | Orc:2    | Gained mutation: You occasionally lose the ability to read
                  | scrolls when taking damage. [a neqoxec]
 19653 | Orc:2    | Found Zops's Antique Armour Boutique.
 19654 | Orc:2    | Found Wiwuput's Antique Weapon Boutique.
 19656 | Orc:2    | Found Tipes's General Store.
 19656 | Orc:2    | Found Pucenela's Book Shop.
 19671 | Orc:2    | Bought a glowing scarf for 272 gold pieces
 19760 | Orc:2    | Bought a potion of mutation for 112 gold pieces
 19890 | Orc:1    | Found Mamiy's Antique Armour Boutique.
 20041 | Orc:2    | Lost mutation: You occasionally lose the ability to read
                  | scrolls when taking damage. [potion of mutation]
 20041 | Orc:2    | Lost mutation: Your spells are a little harder to cast, but
                  | a little more powerful. [potion of mutation]
 20041 | Orc:2    | Gained mutation: Your spells are a little harder to cast,
                  | but a little more powerful. [potion of mutation]
 20041 | Orc:2    | Gained mutation: You have supernaturally acute eyesight.
                  | (SInv) [potion of mutation]
 20534 | D:11     | Noticed Harold
 20543 | D:11     | Killed Harold
 21991 | D:13     | Found a gate to the Vaults.
 22379 | D:14     | Found a broken altar of Ashenzari.
 22398 | D:14     | Reached XP level 16. HP: 100/124 MP: 0/0
 23168 | Snake:1  | Entered Level 1 of the Snake Pit
 23204 | Snake:1  | Shot with an arrow by a naga sharpshooter

Illustrated notes

Levels and vault maps discovered:
D:1:      lightli_arrival_quake, layout_rooms,
          shapermc_ecumenical_altar_rom_forum
D:2:      layout_basic, uniq_natasha, uniq_robin
D:3:      layout_basic, nicolae_ru_the_path_less_chosen,
          chequers_serial_rivers_room_b, cheibrodos_gnoll_hut, uniq_sigmund
D:4:      layout_loops_corners, minmay_temple_entry_waves, nicolae_titane,
          uniq_edmund, uniq_crazy_yiuf_cottage
D:5:      layout_loops_cross, roderic_st_hans_cross, uniq_ijyb, uniq_grinder,
          uniq_duvessa
D:6:      minmay_flawed_box, layout_loops_corners,
          gammafunk_temple_overflow_claw, minmay_crystal_water,
          lightli_church_of_beogh
D:7:      minmay_the_grid_octo_tiled_octocenter [minmay_the_grid_octo_pinwheel,
          minmay_the_grid_octo_checkered, minmay_the_grid_octo_fat_diamond,
          minmay_the_grid_octo_clover_2, minmay_the_grid_octo_prize_big_c,
          minmay_the_grid_square_5x5_moneybag,
          minmay_the_grid_square_5x5_bridge,
          minmay_the_grid_square_5x5_minivault, minmay_the_grid_square_5x5_tie],
          layout_basic, old_standard_altar
D:8:      layout_layer_cave
D:9:      layout_stronghold, fedhas_ov_isle_minmay,
          gammafunk_temple_overflow_pools, grunt_lair_entry_orc_guard_hut,
          hiddenorc2_lemuel, gammafunk_ghost_wrathful_warriors
D:10:     wad_woods_minihive, layout_basic, hive_lemuel
D:11:     layout_roguey, minivault_25, billiards_dpeg, uniq_harold
D:12:     layout_rooms
D:13:     layout_roguey, hangedman_vaults_entry_quadrant_bands, minivault_16,
          reono_crystal_passage
D:14:     layout_irregular_city, nicolae_ashenzari_skybound
Temple:   zaba_magenta_temple
Lair:1:   layout_small_grid, infiniplex_staircase_pool_2
Lair:2:   layout_cave_shapes, guppyfry_snake_entry_island, minivault_26,
          beast_lair_carwin_3
Lair:3:   layout_cave_shapes, mainiacjoe_shoals_entry_four_pools, uniq_kirke
Lair:4:   layout_hall_layers, chequers_serial_rivers_large_b, uniq_josephine,
          uniq_sonja
Lair:5:   minmay_lair_end_frog_pond, layout_regular_city, slime_entry_1,
          basic_altar, chequers_serial_rivers_small_b,
          nzn_masters_of_martial_movement, uniq_urug
Snake:1:  minmay_snake_river, layout_rooms, serial_shops, bzr_entry_dummy,
          grunt_ministairs_9
Orc:1:    layout_caves, serial_shops, shop
Orc:2:    st_orc_congregation, layout_caves, special_room,
          nicolae_orc_stony_grotto

Skill      XL: |  1  2  3  4  5  6  7  8  9 10 11 12 13 14 15 |
---------------+----------------------------------------------+-----
Fighting       | 1 2 3 4 5 7 8 10 11 12 13 14 | 14.5
Spellcasting   | 4 5 6 7 9 10 12 13 14 15 16 | 16.3
Conjurations   | 4 5 6 7 9 10 12 13 14 15 16 | 16.3
Hexes          | 4 5 6 7 9 10 12 13 14 15 16 | 16.3
Summonings     | 4 5 6 7 9 10 12 13 14 15 16 | 16.3
Necromancy     | 4 5 6 7 9 10 12 13 14 15 16 | 16.3
Translocations | 4 5 6 7 9 10 12 13 14 15 16 | 16.3
Fire Magic     | 4 5 6 7 9 10 12 13 14 15 16 | 16.3
Ice Magic      | 4 5 6 7 9 10 12 13 14 15 16 | 16.3
Air Magic      | 4 5 6 7 9 10 12 13 14 15 16 | 16.3
Earth Magic    | 4 5 6 7 9 10 12 13 14 15 16 | 16.3
Alchemy        | 4 5 6 7 9 10 12 13 14 15 16 | 16.3
Invocations    | 3 6 8 10 11 | 11.5
Dodging        | |  2.9
Stealth        | |  1.5

Action                     |  1- 3 |  4- 6 |  7- 9 | 10-12 | 13-15 | 16-18 || total
---------------------------+-------+-------+-------+-------+-------+-------++-------
  Melee: Quarterstaff      |       |       |       |     1 |       |       ||     1
         Spear             |       |       |       |       |     1 |       ||     1
         Headbutt          |       |       |       |       |     1 |       ||     1
   Cast: Magic Dart        |    20 |    49 |    85 |   114 |   414 |    12 ||   694
         Searing Ray       |     3 |    10 |    42 |    45 |    38 |     4 ||   142
         Fulminant Prism   |       |     5 |    19 |    63 |    30 |     2 ||   119
         Iskenderun's Myst |       |       |    27 |   126 |   153 |    10 ||   316
         Mercury Vapours   |       |       |       |     1 |       |       ||     1
         Borgnjor's Vile C |       |       |       |     1 |       |       ||     1
         Iskenderun's Batt |       |       |       |       |    75 |     5 ||    80
         Bombard           |       |       |       |       |     4 |       ||     4
 Invoke: Major Destruction |       |       |       |       |     1 |       ||     1
    Use: Scroll            |       |       |    14 |     8 |     5 |     3 ||    30
         Potion            |       |       |       |     5 |     4 |     1 ||    10
 Armour: Robe              |     3 |     2 |    27 |    41 |       |       ||    73
         Leather armour    |       |       |       |     8 |    58 |    18 ||    84
  Dodge: Dodged            |       |       |    14 |    32 |    32 |     1 ||    79
  Block: Other             |       |       |       |       |    17 |     3 ||    20
         Reflection        |       |       |       |       |    15 |     2 ||    17
